 Seeded DCSS version 0.29.1-15-g9cfb28693d (webtiles) character file.

Game seed: 18446744073709551615 (custom seed)

4045 Pooter the Cleaver (level 10, -12/88 HPs)
             Began as a Minotaur Berserker on Apr 18, 2023.
             Was a Priest of Trog.
             Killed from afar by an acid dragon (29 damage)
             ... with a splash of acid
             ... on level 9 of the Dungeon.
             The game lasted 00:45:08 (10084 turns).

Pooter the Cleaver (Minotaur Berserker)            Turns: 10084, Time: 00:45:08

Health: -12/88     AC:  1    Str: 23    XL:     10   Next: 4%
Magic:  9/9        EV: 12    Int:  6    God:    Trog [***...]
Gold:   12         SH:  0    Dex: 11    Spells: 9/9 levels left

rFire   . . .      SeeInvis .   a - +1 battleaxe
rCold   . . .      Faith    .   (shield currently unavailable)
rNeg    . . .      Spirit   .   (no body armour)
rPois   +          Reflect  .   (helmet restricted)
rElec   .          Harm     .   (no cloak)
rCorr   .          Rampage  .   (no gloves)
Will    .....                   d - +0 pair of boots
Stlth   +++.......              K - amulet of regeneration
HPRegen 1.04/turn               P - ring of poison resistance
MPRegen 0.11/turn               I - +4 ring of protection

@: corroded
A: horns 2, retaliatory headbutt
a: Renounce Religion, Berserk, Trog's Hand


You were on level 9 of the Dungeon.
You worshipped Trog.
Trog was most pleased with you.
You visited 1 branch of the dungeon, and saw 9 of its levels.

You collected 453 gold pieces.
You spent 441 gold pieces at shops.

Inventory:

Hand Weapons
 a - a +1 battleaxe (weapon)
   (You found it on level 7 of the Dungeon)
 b - a +0 arbalest
   (You found it on level 9 of the Dungeon)
 y - a +0 quarterstaff
   (You found it on level 1 of the Dungeon)
 E - a +0 dire flail
   (You took it off an orc warrior on level 7 of the Dungeon)
 F - a +0 war axe
   (You took it off an orc priest on level 5 of the Dungeon)
 G - the +3 dagger "Wetunah" {vorpal, *Slow Int+3 SInv}
   (You found it on level 2 of the Dungeon)

   It inflicts extra damage upon your enemies.
   Int:       It affects your intelligence (+3).
   SInv:      It lets you see invisible.
   *Slow:     It may slow you when you take damage.
Missiles
 n - 13 poisoned darts
 p - 3 boomerangs
 t - 4 atropa-tipped darts
 u - 3 javelins
 B - 6 datura-tipped darts
 Q - 107 stones (quivered)
Armour
 d - a +0 pair of boots (worn)
   (You found it on level 5 of the Dungeon)
 D - a +1 chain mail
   (You took it off an orc on level 6 of the Dungeon)
 M - a +0 plate armour
   (You took it off an orc warrior on level 9 of the Dungeon)
Jewellery
 H - a ring of willpower
   (You found it on level 9 of the Dungeon)
 I - a +4 ring of protection (right hand)
   (You found it on level 8 of the Dungeon)
 J - a +6 ring of intelligence
   (You found it on level 8 of the Dungeon)
 K - an amulet of regeneration (around neck)
   (You bought it in a shop on level 8 of the Dungeon)
 P - a ring of poison resistance (left hand)
   (You found it on level 6 of the Dungeon)
Wands
 f - a wand of flame (17)
   (You found it on level 7 of the Dungeon)
Scrolls
 c - 2 scrolls of noise {!r}
 e - 3 scrolls of magic mapping
 h - 3 scrolls of torment {!r}
 k - 3 scrolls of immolation {!r}
 m - 6 scrolls of teleportation {unknown}
 q - 2 scrolls of vulnerability {!r}
 s - 2 scrolls of fear
 w - 2 scrolls of fog
 z - a scroll of blinking
Potions
 g - 3 potions of curing {@q1}
 i - a potion of magic {unknown}
 j - a potion of haste {unknown}
 l - 2 potions of attraction {!q}
 o - a potion of experience {unknown}
 r - a potion of cancellation {unknown}
 v - a potion of might
 x - a potion of lignification {unknown}
 A - a potion of mutation {unknown}
 C - a potion of berserk rage {unknown}
 L - a potion of ambrosia


   Skills:
 + Level 7.9 Fighting
 * Level 10.7 Axes
 * Level 9.1 Ranged Weapons
 - Level 2.4 Armour
 - Level 2.1 Dodging
 + Level 5.2 Stealth


You had 9 spell levels left.
You didn't know any spells.
Your spell library was empty.

Dungeon Overview and Level Annotations

Branches:
Dungeon (9/15)             Temple (0/1) D:7            Lair (0/5) D:8
    Orc: D:9-12

Altars:
Nemelex Xobeh

Shops:
D:8 (=?:   D:9 *

Annotations:
D:6 1 runed translucent door, Crazy Yiuf


Innate Abilities, Weirdness & Mutations

You have a pair of horns on your head.
You reflexively headbutt those who attack you in melee.


Message History

Found a stone staircase leading up.
There is a stone staircase leading up here.
Found 6 poisoned darts.
n - 13 poisoned darts (gained 6)
Found a stone staircase leading down.
There is a stone staircase leading down here.
Found 8 stones.
Q - 94 stones (gained 8)
Found 8 stones.
Found a stone staircase leading up.
Q - 102 stones (gained 8)
There is a stone staircase leading up here.
Found 5 stones and a sedimented coppery potion.
Q - 107 stones (gained 5)
i - a sedimented coppery potion
There is a stone staircase leading up here.
An acid dragon comes into view.
You shoot a bolt.
The bolt closely misses the acid dragon.
The acid dragon roars!
The acid dragon spits acid at you. The splash of acid hits you!!
The acid corrodes you!
You shoot a bolt.
The bolt hits the acid dragon but does no damage.
You shoot a bolt. The bolt barely misses the acid dragon.
The acid dragon spits acid at you. The splash of acid hits you!!
* * * LOW HITPOINT WARNING * * *
The acid dragon spits acid at you. The splash of acid misses you.
a - a +1 battleaxe (weapon)
You are too injured to fight recklessly!
The acid dragon bites you!
* * * LOW HITPOINT WARNING * * *
The acid dragon barely misses you.
You slash the acid dragon! The acid dragon barely misses you. x2
You barely miss the acid dragon. Your headbutt misses the acid dragon.
The acid dragon bites you.
* * * LOW HITPOINT WARNING * * *
The acid dragon claws you.
* * * LOW HITPOINT WARNING * * *
The acid dragon bites you!
* * * LOW HITPOINT WARNING * * *
The acid dragon barely misses you.
You barely miss the acid dragon. The acid dragon closely misses you.
The acid dragon completely misses you.
You slash the acid dragon! The acid dragon spits acid at you.
The splash of acid hits you!!
You die...

######..############.......
..[.......................
###...)))................
#....†[[.............#
#...)[.[...).........#
#....................#
###.....[..............########
...^...........D...............
################@.#############
#..# #..# #..# #..###############
################.................
)................................
........................>........
.###############.################


You could see an acid dragon (catching breath).

Vanquished Creatures
  A troll (D:7)
  A hornet (D:8)
  Grinder (D:6)
  4 yaks (D:8)
  A vampire mosquito (D:6)
  A water moccasin (D:8)
  4 orc warriors
  An ice beast (D:6)
  4 centaurs
  2 phantoms
  A kobold brigand (D:8)
  5 bullfrogs
  A necrophage (D:7)
  A scorpion (D:7)
  A howler monkey (D:9)
  An electric eel (D:6)
  8 orc priests
  5 hounds
  A gnoll bouda (D:6)
  5 iguanas
  Natasha (twice) (D:2)
  7 orc wizards
  5 gnolls (D:6)
  11 adders
  2 white imps (D:6)
  3 ufetubi
  2 worms (D:2)
  A dart slug (D:5)
  46 orcs
  7 ball pythons
  4 endoplasms
  2 giant cockroaches
  8 goblins
  6 hobgoblins
  7 jackals
  11 kobolds
  5 quokkas
  6 bats
  2 frilled lizards
  5 rats
191 creatures vanquished.

Vanquished Creatures (collateral kills)
  2 orcs (D:9)
2 creatures vanquished.

Vanquished Creatures (others)
  4 plants (D:9)
4 creatures vanquished.

Grand Total: 197 creatures vanquished

Notes
Turn   | Place    | Note
-------+----------+-------------------------------------------
     0 | D:1      | Pooter the Minotaur Berserker began the quest for the Orb.
     0 | D:1      | Reached XP level 1. HP: 19/19 MP: 0/0
    69 | D:1      | Reached skill level 1 in Ranged Weapons
    69 | D:1      | Reached XP level 2. HP: 27/27 MP: 1/1
   258 | D:1      | Reached skill level 4 in Axes
   973 | D:2      | Reached ** piety under Trog
  1110 | D:2      | Reached skill level 1 in Stealth
  1146 | D:2      | Reached XP level 3. HP: 16/33 MP: 2/2
  1286 | D:2      | Identified the +3 dagger "Wetunah" {vorpal, *Slow Int+3
                  | SInv}
  1737 | D:2      | Found a faded altar of an unknown god.
  1838 | D:2      | Noticed Natasha
  1844 | D:2      | Killed Natasha
  1845 | D:2      | Reached XP level 4. HP: 16/40 MP: 3/3
  2387 | D:2      | Noticed Natasha
  2396 | D:2      | Killed Natasha
  2543 | D:3      | Reached skill level 5 in Axes
  2543 | D:3      | Reached XP level 5. HP: 19/47 MP: 4/4
  3452 | D:3      | Found a sparkling altar of Nemelex Xobeh.
  4102 | D:4      | Reached XP level 6. HP: 50/53 MP: 5/5
  4697 | D:5      | Entered Level 5 of the Dungeon
  4700 | D:5      | Reached skill level 6 in Axes
  4724 | D:5      | Reached skill level 5 in Fighting
  4856 | D:5      | Reached XP level 7. HP: 53/61 MP: 6/6
  5230 | D:5      | Reached skill level 5 in Ranged Weapons
  5519 | D:6      | Noticed a vampire mosquito
  5528 | D:6      | Killed a vampire mosquito
  5529 | D:6      | Reached skill level 7 in Axes
  5707 | D:5      | Reached *** piety under Trog
  5708 | D:5      | Reached XP level 8. HP: 56/70 MP: 7/7
  6361 | D:6      | Found a runed translucent door.
  6362 | D:6      | Noticed Crazy Yiuf
  6655 | D:6      | Reached skill level 8 in Axes
  6662 | D:6      | Noticed Grinder
  6675 | D:6      | Killed Grinder
  7455 | D:7      | Found a staircase to the Ecumenical Temple.
  7458 | D:7      | Reached XP level 9. HP: 77/78 MP: 8/8
  7516 | D:7      | Reached skill level 9 in Axes
  7642 | D:7      | Noticed a troll
  7648 | D:7      | Killed a troll
  7900 | D:8      | Found a staircase to the Lair.
  7978 | D:8      | Reached skill level 10 in Axes
  8238 | D:8      | Found Hufran's Jewellery Shoppe.
  8246 | D:8      | Bought an amulet of regeneration for 330 gold pieces
  8266 | D:8      | Reached skill level 5 in Stealth
  8349 | D:8      | Found Batwy's Magic Scroll Shoppe.
  8364 | D:8      | Bought a scroll of identify for 28 gold pieces
  8364 | D:8      | Bought a scroll of identify for 28 gold pieces
  8381 | D:8      | Found Sapis's Book Shop.
  8505 | D:8      | Found Ysystib's Weapon Emporium.
  9447 | D:9      | Found Jagunin's Assorted Antiques.
  9457 | D:9      | Bought a silvery potion for 27 gold pieces
  9564 | D:9      | Reached XP level 10. HP: 88/88 MP: 9/9
  9738 | D:8      | Bought a scroll of identify for 28 gold pieces
 10084 | D:9      | Killed from afar by an acid dragon

Illustrated notes

Levels and vault maps discovered:
D:1:      dpeg_arrival_brainrot, layout_loops_ring
D:2:      layout_basic, hellmonk_ecumenical_altar_inner_sanctum,
          minmay_fountain_box, minmay_domino_2, uniq_natasha
D:3:      layout_loops_ring, nemelex_xobeh_ov_fountains_minmay,
          amcnicky_mini_pool_small
D:4:      layout_loops_ring, skrybe_limestone_x
D:5:      layout_gridville, grunt_ministairs_1
D:6:      nicolae_BIG_FREAKIN_CUBE, layout_basic, amcnicky_mini_pool_medium,
          uniq_crazy_yiuf_cottage, uniq_grinder
D:7:      layout_rooms, minmay_temple_entry_statues_pillars,
          minmay_misc_feat_chi
D:8:      nicolae_cairo_tiling_large_dashed, layout_gridville, serial_shops,
          shop, nicolae_stop_n_shop_1, nicolae_inconvenience_store,
          nicolae_shop_trees, kennysheep_cross_bottleneck,
          minmay_misc_feat_tiny, chequers_serial_rivers_micro_b,
          hangedman_decor_riveting
D:9:      layout_long_grid, serial_shops, nicolae_shop_overgrown_old_shop

Skill      XL: |  1  2  3  4  5  6  7  8  9 |
---------------+----------------------------+-----
Ranged Weapons | 1 2 3 4 5 7 9 |  9.1
Axes           | 4 5 6 7 8 10 | 10.7
Stealth        | 1 2 3 4 5 |  5.2
Fighting       | 4 5 6 7 |  7.9
Armour         | |  2.4
Dodging        | |  2.1

Action                   |  1- 3 |  4- 6 |  7- 9 | 10-12 || total
-------------------------+-------+-------+-------+-------++-------
Melee: Quarterstaff      |    85 |   128 |    14 |       ||   227
       Hand axe          |     4 |       |       |       ||     4
       Headbutt          |     7 |    14 |    41 |       ||    62
       War axe           |       |       |   133 |       ||   133
       Punch             |       |       |     4 |       ||     4
       Battleaxe         |       |       |    50 |     6 ||    56
       Dagger            |       |       |    10 |       ||    10
 Fire: Sling             |       |     3 |       |       ||     3
       Shortbow          |       |       |    69 |       ||    69
       Arbalest          |       |       |     9 |    10 ||    19
Throw: Stone             |       |     2 |       |       ||     2
       Javelin           |       |     4 |     5 |       ||     9
       Dart              |       |       |     4 |       ||     4
Invok: Berserk           |     1 |     3 |    11 |       ||    15
       Trog's Hand       |       |     4 |     7 |       ||    11
Evoke: Wand              |       |       |     2 |       ||     2
  Use: Scroll            |     4 |     2 |    10 |     1 ||    17
 Stab: Sleeping          |     1 |     6 |       |       ||     7
Armor: Animal skin       |    19 |    18 |       |       ||    37
       Ring mail         |       |    12 |    33 |       ||    45
       Chain mail        |       |       |    83 |       ||    83
       Skin              |       |       |       |     3 ||     3
Dodge: Dodged            |    66 |    95 |   100 |    11 ||   272
